 Seeded DCSS version 0.31-a0-210-gccc998df9b (webtiles) character file.

Game seed: 8113056780134302019 (custom seed)

124 innerfire43 the Ducker (level 4, 0/37 HPs)
             Began as a Demonspawn Monk on June 30, 2023.
             Slain by Grinder (6 damage)
             ... while paralysed by Grinder
             ... on level 3 of the Dungeon.
             The game lasted 00:02:57 (1801 turns).

innerfire43 the Ducker (Demonspawn Monk)            Turns: 1801, Time: 00:02:58

Health: 0/37       AC:  7    Str: 16    XL:     4   Next: 81%
Magic:  4/4        EV:  2    Int: 12    God:
Gold:   94         SH:  0    Dex: 15    Spells: 3/3 levels left

rFire   . . .        a - +0 hand axe
rCold   . . .        d - orb {light}
rNeg    . . .        b - +0 robe
rPois   .            h - +0 helmet
rElec   .            s - +0 cloak
rCorr   .            g - +0 pair of gloves {Str+3}
SInv    +            (no boots)
Will    .....        (no amulet)
Stlth   +            e - ring of see invisible
HPRegen 0.26/turn    (no ring)
MPRegen 0.09/turn

%: no passive effects
@: paralysed, glowing, studying Dodging
A: thin metallic scales 1, demonic touch 1
a: no special abilities


You were on level 3 of the Dungeon.
You visited 1 branch of the dungeon, and saw 3 of its levels.

You collected 94 gold pieces.

Inventory:

Hand Weapons
 a - a +0 hand axe (weapon)
Armour
 b - a +0 robe (worn)
 d - an orb of light (worn)
 g - a +0 pair of gloves of strength (worn)
 h - a +0 helmet (worn)
 k - a +0 tower shield
 s - a +0 cloak (worn)
Jewellery
 e - a ring of see invisible (left hand)
 p - a ring of protection from fire
 q - a ring of ice
Scrolls
 f - 2 scrolls of vulnerability {unknown}
 i - a scroll of fog {unknown}
 j - 3 scrolls of teleportation {unknown}
 l - a scroll of blinking {unknown}
 n - a scroll of amnesia {unknown}
 o - a scroll of enchant weapon {unknown}
Potions
 c - a potion of ambrosia
 m - a potion of degeneration {unknown}
 r - a potion of heal wounds


   Skills:
 - Level 4.0 Fighting
 * Level 3.5 Axes
 * Level 4.1 Dodging


You had 3 spell levels left.
You didn't know any spells.
Your spell library was empty.

Dungeon Overview and Level Annotations

Branches:
Dungeon (3/15)

Altars:

Shops:
D:1 ?

Annotations:
D:3 Grinder


Innate Abilities, Weirdness & Mutations

You are partially covered in thin metallic scales. (AC +2)
Your touch may inflict minor irresistible damage on your foes.


Message History

Grinder is severely wounded.
Grinder gestures at you.
You suddenly lose the ability to move!
Grinder barely misses you.
You can move again.
You feel much better. Grinder gestures at you.
You shrug off the repeated paralysis!
You hit Grinder.
Grinder is severely wounded.
Grinder gestures at you. Pain shoots through your body!
You barely miss Grinder.
Grinder is severely wounded.
Grinder hits you but does no damage.
You hit Grinder but do no damage.
Grinder is severely wounded.
Grinder gestures at you.
You barely resist. You slash Grinder!
Grinder is almost dead.
Grinder closely misses you.
You hit Grinder but do no damage.
Grinder is almost dead.
Grinder hits you.
You writhe in agony.
You hit Grinder but do no damage.
Grinder is almost dead.
Grinder gestures at you. Pain shoots through your body!
* * * LOW HITPOINT WARNING * * *
Grinder gestures at you.
You suddenly lose the ability to move!
Grinder gestures at you.
You shrug off the repeated paralysis!
Grinder hits you.
* * * LOW HITPOINT WARNING * * *
You writhe in agony.
* * * LOW HITPOINT WARNING * * *
Grinder hits you.
You die...

# ##############
###.#####...##.......#
........[...##.......###
...>..5.................
.......@....##.......###
#########...##.......#
#......†......#
#.......#######
#.......# #.......#
#.......# #....^..#
#.......#


You could see Grinder.

Vanquished Creatures
  A gnoll (D:1)
  5 adders
  2 worms (D:2)
  3 dart slugs
  3 orcs (D:3)
  9 bats
  3 endoplasms
  5 giant cockroaches
  5 goblins
  A hobgoblin (D:3)
  4 kobolds
  A quokka (D:1)
  9 ball pythons
  2 rats
53 creatures vanquished.

Notes
Turn   | Place    | Note
-------+----------+-------------------------------------------
     0 | D:1      | innerfire43 the Demonspawn Monk began the quest for the
                  | Orb.
     0 | D:1      | Reached XP level 1. HP: 18/18 MP: 1/1
    74 | D:1      | Gained mutation: Your touch may inflict minor irresistible
                  | damage on your foes. [demonic ancestry]
    74 | D:1      | Reached XP level 2. HP: 19/24 MP: 2/2
   103 | D:1      | Identified a scroll of acquirement
   103 | D:1      | Acquired a +0 pair of gloves of strength
   300 | D:1      | Reached XP level 3. HP: 9/29 MP: 3/3
   481 | D:1      | Found Ponycs's Magic Scroll Shop.
   905 | D:2      | Gained mutation: You are partially covered in thin metallic
                  | scales. (AC +2) [demonic ancestry]
   905 | D:2      | Reached XP level 4. HP: 31/37 MP: 4/4
  1042 | D:2      | Acquired a manual of Dodging
  1743 | D:3      | Noticed Grinder
  1749 | D:3      | Paralysed by Grinder for 5 turns
  1761 | D:3      | Paralysed by Grinder for 3 turns
  1767 | D:3      | Paralysed by Grinder for 3 turns
  1790 | D:3      | Paralysed by Grinder for 2 turns
  1798 | D:3      | Paralysed by Grinder for 5 turns
  1801 | D:3      | Slain by Grinder

Illustrated notes

Levels and vault maps discovered:
D:1:      roderic_crossed_star, layout_rooms, serial_shops, nicolae_diamond_shop
D:2:      layout_loops_cross
D:3:      layout_basic, uniq_grinder

Skill      XL: |  1  2  3  4 |
---------------+-------------+-----
Dodging        | 3 4 |  4.1
Axes           | 3 |  3.5
Fighting       | 4 |  4.0

Action                     |  1- 3 |  4- 6 || total
---------------------------+-------+-------++-------
  Melee: Hand axe          |    71 |   109 ||   180
    Use: Scroll            |     1 |     1 ||     2
         Potion            |       |     2 ||     2
 Armour: Robe              |    20 |    47 ||    67
  Dodge: Dodged            |    52 |    50 ||   102

Table legend: (Time is in decaauts)
 A = Elapsed time spent in this place.
 B = Non-inter-level travel time spent in this place.
 C = Inter-level travel time spent in this place.
 D = Time resting spent in this place.
 E = Time spent auto-exploring this place.
 F = Levels seen in this place.
 G = Mean time per level.
                   A        B        C        D        E       F      G
               +--------+--------+--------+--------+--------+-----+--------+
         Total |   1824 |   1695 |    129 |      0 |   1277 |   3 |  608.0 |
       Dungeon |   1824 |   1695 |    129 |      0 |   1277 |   3 |  608.0 |
               +--------+--------+--------+--------+--------+-----+--------+

Top non-repeatable levels by time:
     D:2: 850 daAuts
     D:1: 683 daAuts
     D:3: 290 daAuts
